 Dungeon Crawl Stone Soup version 0.27-a0-1202-ge72e49191c (webtiles) character file.

Game seed: 14303840280311991169

794 mordus the Firebug (level 7, -1/50 HPs)
             Began as a Green Draconian Fire Elementalist on June 4, 2021.
             Was a Follower of Vehumet.
             Slain by a killer bee (7 damage)
             ... on level 3 of the Dungeon.
             The game lasted 00:20:07 (4551 turns).

mordus the Firebug (DrFE)                           Turns: 4551, Time: 00:20:09

Health: -1/50      AC:  7    Str: 10    XL:     7   Next: 58%
Magic:  14/14      EV: 12    Int: 18    God:    Vehumet [*.....]
Gold:   160        SH:  0    Dex: 11    Spells: 11/16 levels left

rFire    . . .     SeeInvis .   o - +2 dagger (venom)
rCold    . . .     Faith    .   (no shield)
rNeg     . . .     Spirit   .   (armour unavailable)
rPois    +         Reflect  .   (helmet restricted)
rElec    .         Harm     .   b - +0 cloak
rCorr    .         Rampage  .   (no gloves)
Will     .....                  (no boots)
Stlth    ++........             (no amulet)
HPRegen  0.16/turn              f - ring of poison resistance
MPRegen  0.14/turn              (no ring)

@: no status effects
A: breathe noxious fumes, AC +6, unfitting armour, poison resistance,
cold-blooded
a: Breathe Noxious Fumes, Renounce Religion


You were on level 3 of the Dungeon.
You worshipped Vehumet.
Vehumet was aware of your devotion.
You visited 1 branch of the dungeon, and saw 4 of its levels.

You collected 160 gold pieces.

Inventory:

Hand Weapons
 c - a +0 dagger
 j - a +2 dagger of electrocution
 o - a +2 dagger of venom (weapon)
Armour
 b - a +0 cloak (worn)
Jewellery
 f - a ring of poison resistance (left hand)
 m - an amulet of guardian spirit
 q - a ring of resist corrosion
Scrolls
 g - 2 scrolls of identify {unknown}
 h - 2 scrolls of teleportation {unknown}
 k - a scroll of fear {unknown}
 l - a scroll of blinking {unknown}
 n - a scroll of magic mapping {unknown}
 p - a scroll of enchant armour {unknown}
Potions
 a - a potion of brilliance {unknown}
 d - a potion of cancellation {unknown}
 e - 2 potions of curing
 i - 2 potions of resistance {unknown}
 r - a potion of ambrosia {unknown}
 s - a potion of flight {unknown}
 t - a potion of lignification {unknown}


   Skills:
 - Level 1.7 Dodging
 - Level 1.7 Stealth
 * Level 5.2 Spellcasting
 + Level 2.8 Conjurations
 + Level 6.6 Fire Magic


You had 11 spell levels left.
You knew the following spells:

 Your Spells              Type           Power      Damage    Failure   Level
a - Foxfire               Conj/Fire      84%        2x1d8     1%          1
b - Sticky Flame          Conj/Fire      21%        2d4       19%         4

Your spell library contained the following spells:

 Spells                   Type           Power      Damage    Failure   Level
 Shock                    Conj/Air       36%        1d5       8%          1
 Conjure Flame            Conj/Fire      21%        6-21      5%          3
 Inner Flame              Hex/Fire       16%        N/A       10%         3
 Beastly Appendage        Tmut           8%         N/A       13%         1
 Wereblood                Tmut           4%         N/A       21%         2
 Spider Form              Tmut/Pois      2%         N/A       36%         3
 Fireball                 Conj/Fire      10%        3d6       45%         5
 Ice Form                 Ice/Tmut       4%         N/A       78%         4
 Hydra Form               Tmut           2%         N/A       98%         5


Dungeon Overview and Level Annotations

Branches:
Dungeon (4/15)             Temple (0/1) D:4

Altars:
Dithmenos
Kikubaaqudgha
Sif Muna
Vehumet

Annotations:
D:2 Sigmund


Innate Abilities, Weirdness & Mutations

You can breathe blasts of noxious fumes.
Your lurid green scales are hard. (AC +6)
You cannot fit into any form of body armour.
Your system is resistant to poisons. (rPois)
You are cold-blooded and may be slowed by cold attacks.


Message History

You hit the killer bee.
The killer bee is poisoned.
Your tail-slap misses the killer bee.
The killer bee is lightly wounded.
The killer bee stings you.
* * * LOW HITPOINT WARNING * * *
The killer bee barely misses you.
You hit the killer bee.
The killer bee looks even sicker.
The killer bee is moderately wounded.
The killer bee closely misses you.
The killer bee stings you but does no damage.
You miss the killer bee.
The killer bee is heavily wounded.
The killer bee stings you.
* * * LOW HITPOINT WARNING * * *
The killer bee stings you.
* * * LOW HITPOINT WARNING * * *
The killer bee stings you.
* * * LOW HITPOINT WARNING * * *
You feel better. The killer bee stings you.
* * * LOW HITPOINT WARNING * * *
The killer bee barely misses you.
The killer bee stings you but does no damage.
The killer bee misses you.
You kill the killer bee!
Vehumet accepts your kill. The killer bee closely misses you.
You hit the killer bee but do no damage.
The killer bee is poisoned.
Your tail-slap misses the killer bee.
The killer bee stings you but does no damage.
The killer bee barely misses you.
You closely miss the killer bee.
The killer bee is lightly wounded.
The killer bee barely misses you. x2
You hit the killer bee.
The killer bee looks as sick as possible!
Your tail-slap misses the killer bee.
The killer bee is heavily wounded.
The killer bee stings you but does no damage.
The killer bee stings you!
You die...

#........##.#####.#
#...........# #.#
#........##.### #.#
#........y....# #.#
#######.>.#.#.# #.#
#.....#†#.# #.#
#######.#.###.#####
#.†y#.).......#
#.#@#####.###.#
#.#)# #.# #.# #.#.#
#.# #.# #.#.# #.#
#.# #.#(#####.# #.#
#.#.......# #.#
#.######### #.# #.#
#.# #.# #.#


You could see a killer bee (extremely poisoned).

Vanquished Creatures
  4 ogres
  3 killer bees
  A howler monkey (D:4)
  2 hounds (D:4)
  An orc priest (D:4)
  An iguana (D:4)
  A hound skeleton (D:2)
  Robin (D:3)
  4 adders
  An adder skeleton (D:4)
  2 dart slugs
  12 orcs
  9 ball pythons
  8 endoplasms
  2 giant cockroaches
  14 goblins
  9 hobgoblins
  4 jackals (D:1)
  3 quokkas (D:1)
  6 bats
  3 frilled lizards
  7 kobolds
  6 rats
104 creatures vanquished.

Vanquished Creatures (others)
  223 foxfires
223 creatures vanquished.

Grand Total: 327 creatures vanquished

Notes
Turn   | Place    | Note
-------+----------+-------------------------------------------
     0 | D:1      | mordus the Draconian Fire Elementalist began the quest for
                  | the Orb.
     0 | D:1      | Reached XP level 1. HP: 14/14 MP: 3/3
   163 | D:1      | Reached XP level 2. HP: 20/20 MP: 0/5
   712 | D:1      | Reached XP level 3. HP: 26/26 MP: 4/6
   958 | D:1      | Reached skill level 4 in Fire Magic
  1605 | D:2      | Noticed Sigmund
  1677 | D:3      | Reached XP level 4. HP: 33/33 MP: 5/8
  1720 | D:3      | Noticed Robin
  2391 | D:3      | Killed Robin
  2395 | D:3      | Found an ancient bone altar of Kikubaaqudgha.
  2589 | D:3      | Found a shadowy altar of Dithmenos.
  2593 | D:3      | Found a radiant altar of Vehumet.
  2596 | D:3      | Found a shimmering blue altar of Sif Muna.
  2602 | D:3      | Noticed an ogre
  2620 | D:3      | Killed an ogre
  2621 | D:3      | Reached skill level 5 in Fire Magic
  2621 | D:3      | Reached XP level 5. HP: 38/38 MP: 1/10
  2727 | D:3      | Became a worshipper of Vehumet
  3304 | D:4      | Noticed an ogre
  3316 | D:4      | Killed an ogre
  3317 | D:4      | Reached skill level 6 in Fire Magic
  3317 | D:4      | Reached XP level 6. HP: 32/45 MP: 5/11
  3329 | D:4      | Learned a level 4 spell: Sticky Flame
  3630 | D:4      | Found a staircase to the Ecumenical Temple.
  3756 | D:4      | Reached * piety under Vehumet
  3756 | D:4      | Offered knowledge of Shock by Vehumet.
  4076 | D:4      | Your scales start taking on a lurid green colour.
  4076 | D:4      | Reached XP level 7. HP: 37/50 MP: 10/13
  4076 | D:4      | Gained mutation: Your system is resistant to poisons.
                  | (rPois) [Green Draconian growth]
  4523 | D:4      | Reached skill level 5 in Spellcasting
  4546 | D:3      | HP: 1/50 [killer bee (4)]
  4551 | D:3      | Slain by a killer bee

Illustrated notes

Levels and vault maps discovered:
D:1:      shiori_arrival_elements, layout_rooms
D:2:      layout_loops_corners, uniq_sigmund
D:3:      layout_basic, chequers_temple_overflow_statue_of_worship, uniq_robin
D:4:      layout_basic, minmay_temple_entry_antechambers

Skill      XL: |  1  2  3  4  5  6  7 |
---------------+----------------------+-----
Fire Magic     | 4 5 6 |  6.6
Spellcasting   | 3 4 5 |  5.2
Conjurations   | 2 |  2.8
Dodging        | |  1.7
Stealth        | |  1.7

Action                   |  1- 3 |  4- 6 |  7- 9 || total
-------------------------+-------+-------+-------++-------
Melee: Unarmed           |    44 |       |       ||    44
       Tailslap          |     8 |     5 |       ||    13
       Dagger            |    24 |    57 |    17 ||    98
 Cast: Foxfire           |    41 |    77 |    11 ||   129
       Sticky Flame      |       |       |     1 ||     1
 Abil: Breathe Noxious F |       |       |     1 ||     1
  Use: Potion            |       |       |     2 ||     2
 Stab: Sleeping          |       |     1 |       ||     1
Armor: Skin              |    42 |    18 |    14 ||    74
Dodge: Dodged            |    88 |    63 |    36 ||   187

Table legend: (Time is in decaauts)
 A = Elapsed time spent in this place.
 B = Non-inter-level travel time spent in this place.
 C = Inter-level travel time spent in this place.
 D = Time resting spent in this place.
 E = Time spent auto-exploring this place.
 F = Levels seen in this place.
 G = Mean time per level.
                   A        B        C        D        E       F      G
               +--------+--------+--------+--------+--------+-----+--------+
         Total |   4553 |   4401 |    152 |    469 |   2988 |   4 | 1138.2 |
       Dungeon |   4553 |   4401 |    152 |    469 |   2988 |   4 | 1138.2 |
               +--------+--------+--------+--------+--------+-----+--------+

Top non-repeatable levels by time:
     D:2: 1305 daAuts
     D:1: 1231 daAuts
     D:4: 1141 daAuts
     D:3: 876 daAuts
